NCAA
ALABAMA CRIMSON TIDE @ SOUTHERN CALIFORNIA TROJANS
05/14/2028
 
TOP OF THE 1ST
Alabama Crimson Tide batting - Pitching for Southern California Trojans : RHP Jonathan Willis
Pitching: RHP Jonathan Willis
Batting: RHB Jason Carr 0-0: Ground out 6-3 (Groundball, 6M)
Batting: SHB Bobby Riggs 0-0: Called Strike
0-1: Ball
1-1: Called Strike
1-2: Ball
2-2: Ball
3-2: Base on Balls
Batting: RHB Brian Burke 0-0: SINGLE (Groundball, 6MD)
Bobby Riggs to second
Runner from 2nd tries for 3rd, SAFE, no throw
Batting: LHB Jorge Rivera 0-0: Fly out, F8 (Flyball, 78M)
Runner from 3rd tags up, SCORES, throw made
Batting: LHB Steve Blankenship 0-0: SINGLE (Flyball, 7S)
Brian Burke to second
Batting: SHB Dave Wilson 0-0: Called Strike
0-1: Ball
1-1: Called Strike
1-2: Fly out, F9 (Line Drive, 89M)
Top of the 1st over - 1 run(s), 2 hit(s), 0 error(s), 2 left on base; Alabama 1 - Southern California 0
BOTTOM OF THE 1ST
Southern California Trojans batting - Pitching for Alabama Crimson Tide : RHP Matt Hernández
Pitching: RHP Matt Hernández
Batting: RHB Ben Byrd 0-0: DOUBLE (Line Drive, 78D)
Batting: RHB Ben Martínez 0-0: Fly out, F8 (Flyball, 8RS)
Batting: LHB Kel Smith 0-0: Called Strike
0-1: DOUBLE (Flyball, 89XD)
Ben Byrd scores
Batting: RHB Mike Carter 0-0: Ball
1-0: Ball
2-0: Ball
3-0: Base on Balls
Batting: RHB Max MacKieson 0-0: Foul Ball, location: 2F
0-1: Ball
1-1: DOUBLE (Line Drive, 8LD)
Kel Smith scores
Mike Carter to third
Runner from 3rd tries for Home, SAFE, throw made at trailing runner, SAFE at third!
Batting: SHB Will O'Clerkin 0-0: Called Strike
0-1: Foul Ball, location: 2F
0-2: Ball
1-2: Foul Ball, location: 2F
1-2: Foul Ball, location: 2F
1-2: Foul Ball, location: 2F
1-2: Strikes out swinging
Batting: RHB Fletcher López 0-0: Swinging Strike
0-1: Fly out, F2 (Popup, 15)
Bottom of the 1st over - 3 run(s), 3 hit(s), 0 error(s), 1 left on base; Alabama 1 - Southern California 3
TOP OF THE 2ND
Alabama Crimson Tide batting - Pitching for Southern California Trojans : RHP Jeffery Young
Pitching: RHP Jeffery Young
Batting: SHB John Fullerton 0-0: Called Strike
0-1: Ball
1-1: Ball
2-1: Called Strike
2-2: Ball
3-2: Base on Balls
Batting: LHB Clarence Bowen 0-0: Ball
1-0: Grounds into double play, 4-6-3 (Groundball, 4)
Batting: RHB Alfredo Bernard 0-0: Ball
1-0: Ball
2-0: Ball
3-0: Called Strike
3-1: Called Strike
3-2: Foul Ball, location: 2F
3-2: Foul Ball, location: 2F
3-2: Strikes out looking
Top of the 2nd over - 0 run(s), 0 hit(s), 0 error(s), 0 left on base; Alabama 1 - Southern California 3
BOTTOM OF THE 2ND
Southern California Trojans batting - Pitching for Alabama Crimson Tide : RHP Matt Hernández
Batting: LHB Gene Riddle 0-0: Foul Ball, location: 2F
0-1: Swinging Strike
0-2: Ball
1-2: Strikes out looking
Batting: RHB John Fergusson 0-0: Ball
1-0: Called Strike
1-1: Ground out 5-3 (Groundball, 56S)
Batting: RHB Ben Byrd 0-0: Called Strike
0-1: Foul Ball, location: 2F
0-2: Foul Ball, location: 2F
0-2: Foul Ball, location: 2F
0-2: Foul Ball, location: 2F
0-2: Foul Ball, location: 2F
0-2: Ball
1-2: Foul Ball, location: 2F
1-2: Foul Ball, location: 2F
1-2: Foul Ball, location: 2F
1-2: Ball
2-2: Fly out, F5 (Popup, 5L)
Bottom of the 2nd over - 0 run(s), 0 hit(s), 0 error(s), 0 left on base; Alabama 1 - Southern California 3
TOP OF THE 3RD
Alabama Crimson Tide batting - Pitching for Southern California Trojans : RHP Jeffery Young
Batting: RHB Jason Carr 0-0: Ball
1-0: Fly out, F3 (Popup, 3L)
Batting: SHB Bobby Riggs 0-0: Called Strike
0-1: Called Strike
0-2: Ball
1-2: Ball
2-2: Ball
3-2: Strikes out swinging
Batting: RHB Brian Burke 0-0: Ball
1-0: SINGLE (Groundball, 6MD)
Batting: LHB Jorge Rivera 0-0: Called Strike
0-1: Swinging Strike
0-2: Ball
1-2: Ball
2-2: Foul Ball, location: 2F
2-2: Foul Ball, location: 2F
2-2: SINGLE (Groundball, 13S) (infield hit)
Brian Burke to second
Batting: LHB Steve Blankenship 0-0: Ball
1-0: Ball
2-0: Ball
3-0: Called Strike
3-1: Foul Ball, location: 2F
3-2: Foul Ball, location: 2F
3-2: Foul Ball, location: 2F
3-2: Fly out, F8 (Flyball, 89M)
Top of the 3rd over - 0 run(s), 2 hit(s), 0 error(s), 2 left on base; Alabama 1 - Southern California 3
BOTTOM OF THE 3RD
Southern California Trojans batting - Pitching for Alabama Crimson Tide : RHP Matt Hernández
Batting: RHB Ben Martínez 0-0: Ball
1-0: Ground out 5-3 (Groundball, 56S)
Batting: LHB Kel Smith 0-0: Called Strike
0-1: Ground out 4-3 (Groundball, 34D)
Batting: RHB Mike Carter 0-0: Ground out 6-3 (Groundball, 6)
Bottom of the 3rd over - 0 run(s), 0 hit(s), 0 error(s), 0 left on base; Alabama 1 - Southern California 3
TOP OF THE 4TH
Alabama Crimson Tide batting - Pitching for Southern California Trojans : RHP Jeffery Young
Batting: SHB Dave Wilson 0-0: Called Strike
0-1: Swinging Strike
0-2: Ball
1-2: Strikes out swinging
Batting: SHB John Fullerton 0-0: Called Strike
0-1: Called Strike
0-2: Foul Ball, location: 2F
0-2: DOUBLE (Flyball, 8RXD)
Batting: LHB Clarence Bowen 0-0: Ball
1-0: Ground out 4-3 (Groundball, 34)
John Fullerton to third
Batting: RHB Alfredo Bernard 0-0: Fly out, F6 (Line Drive, 6)
Top of the 4th over - 0 run(s), 1 hit(s), 0 error(s), 1 left on base; Alabama 1 - Southern California 3
BOTTOM OF THE 4TH
Southern California Trojans batting - Pitching for Alabama Crimson Tide : RHP Matt Hernández
Batting: RHB Max MacKieson 0-0: Called Strike
0-1: Foul Ball, location: 2F
0-2: Strikes out swinging
Batting: SHB Will O'Clerkin 0-0: Called Strike
0-1: Swinging Strike
0-2: Foul Ball, location: 2F
0-2: Strikes out swinging
Batting: RHB Fletcher López 0-0: Ground out 6-3 (Groundball, 6)
Bottom of the 4th over - 0 run(s), 0 hit(s), 0 error(s), 0 left on base; Alabama 1 - Southern California 3
TOP OF THE 5TH
Alabama Crimson Tide batting - Pitching for Southern California Trojans : RHP Jeffery Young
Batting: RHB Jason Carr 0-0: Swinging Strike
0-1: Swinging Strike
0-2: Ball
1-2: Strikes out looking
Pitching: RHP William Spencer
Batting: SHB Bobby Riggs 0-0: Ground out 4-3 (Groundball, 4S)
Batting: RHB Brian Burke 0-0: Ground out U3 (Groundball, 3S)
Top of the 5th over - 0 run(s), 0 hit(s), 0 error(s), 0 left on base; Alabama 1 - Southern California 3
BOTTOM OF THE 5TH
Southern California Trojans batting - Pitching for Alabama Crimson Tide : RHP Matt Hernández
Batting: LHB Gene Riddle 0-0: Ground out 3-1 (Groundball, 2R)
Batting: RHB John Fergusson 0-0: Ball
1-0: Called Strike
1-1: Fly out, F8 (Flyball, 8LS)
Batting: RHB Ben Byrd 0-0: Swinging Strike
0-1: Ball
1-1: Swinging Strike
1-2: Strikes out swinging
Bottom of the 5th over - 0 run(s), 0 hit(s), 0 error(s), 0 left on base; Alabama 1 - Southern California 3
TOP OF THE 6TH
Alabama Crimson Tide batting - Pitching for Southern California Trojans : RHP William Spencer
Batting: LHB Jorge Rivera 0-0: Ball
1-0: Foul Ball, location: 2F
1-1: Foul Ball, location: 2F
1-2: Ground out U3 (Groundball, 34S)
Batting: LHB Steve Blankenship 0-0: Foul Ball, location: 2F
0-1: Foul Ball, location: 2F
0-2: Foul Ball, location: 2F
0-2: Ball
1-2: Ball
2-2: Ball
3-2: Foul Ball, location: 2F
3-2: Fly out, F3 (Line Drive, 3L)
Batting: SHB Dave Wilson 0-0: Ball
1-0: Called Strike
1-1: Called Strike
1-2: Ball
2-2: Ball
3-2: Base on Balls
Batting: SHB John Fullerton 0-0: Ball
1-0: Ball
2-0: Called Strike
2-1: Foul Ball, location: 2F
2-2: Ball
3-2: Strikes out looking
Top of the 6th over - 0 run(s), 0 hit(s), 0 error(s), 1 left on base; Alabama 1 - Southern California 3
BOTTOM OF THE 6TH
Southern California Trojans batting - Pitching for Alabama Crimson Tide : RHP Matt Hernández
Batting: RHB Ben Martínez 0-0: SINGLE (Line Drive, 8RS)
Batting: LHB Kel Smith 0-0: Ball
1-0: Ball
2-0: Called Strike
Balk!
Ben Martínez to second
2-1: Intentional Walk
Batting: RHB Mike Carter 0-0: Ball
1-0: Called Strike
1-1: Ball
2-1: Fly out, F9 (Flyball, 9S)
Batting: RHB Max MacKieson 0-0: Called Strike
0-1: Ball
1-1: Foul Ball, location: 2F
1-2: Fielders Choice at 2nd, 6-4 (Groundball, 6)
Ben Martínez to third
Batting: SHB Will O'Clerkin 0-0: Called Strike
0-1: Swinging Strike
0-2: Foul Ball, location: 2F
0-2: Ball
1-2: SINGLE (Line Drive, 8LS)
Ben Martínez scores
Max MacKieson to second
Batting: RHB Fletcher López 0-0: Called Strike
0-1: Ball
1-1: Swinging Strike
1-2: Strikes out swinging
Bottom of the 6th over - 1 run(s), 2 hit(s), 0 error(s), 2 left on base; Alabama 1 - Southern California 4
TOP OF THE 7TH
Alabama Crimson Tide batting - Pitching for Southern California Trojans : RHP William Spencer
Batting: LHB Clarence Bowen 0-0: Ball
1-0: Called Strike
1-1: Foul Ball, location: 2F
1-2: Ground out 6-3 (Groundball, 6M)
Batting: RHB Alfredo Bernard 0-0: Ball
1-0: Ball
2-0: Called Strike
2-1: Ball
3-1: Fly out, F8 (Flyball, 8RM)
Batting: RHB Jason Carr 0-0: Ball
1-0: Ball
2-0: Ball
3-0: Called Strike
3-1: Called Strike
3-2: Strikes out swinging
Top of the 7th over - 0 run(s), 0 hit(s), 0 error(s), 0 left on base; Alabama 1 - Southern California 4
BOTTOM OF THE 7TH
Southern California Trojans batting - Pitching for Alabama Crimson Tide : RHP Matt Hernández
Pitching: RHP Eddie Good
Batting: LHB Gene Riddle 0-0: Foul Ball, location: 2F
0-1: Foul Ball, location: 2F
0-2: Strikes out swinging
Batting: RHB John Fergusson 0-0: Swinging Strike
0-1: Ball
1-1: Ball
2-1: Fly out, F8 (Flyball, 89M)
Batting: RHB Ben Byrd 0-0: Called Strike
0-1: Called Strike
0-2: Ball
1-2: Ball
2-2: Strikes out swinging
Bottom of the 7th over - 0 run(s), 0 hit(s), 0 error(s), 0 left on base; Alabama 1 - Southern California 4
TOP OF THE 8TH
Alabama Crimson Tide batting - Pitching for Southern California Trojans : RHP William Spencer
Batting: SHB Bobby Riggs 0-0: Called Strike
0-1: Called Strike
0-2: Strikes out swinging
Batting: RHB Brian Burke 0-0: Called Strike
0-1: Ball
1-1: Fly out, F2 (Popup, 15)
Batting: LHB Jorge Rivera 0-0: Called Strike
0-1: Called Strike
0-2: Ball
1-2: Ball
2-2: Fly out, F7 (Flyball, 7S)
Top of the 8th over - 0 run(s), 0 hit(s), 0 error(s), 0 left on base; Alabama 1 - Southern California 4
BOTTOM OF THE 8TH
Southern California Trojans batting - Pitching for Alabama Crimson Tide : RHP Eddie Good
Batting: RHB Ben Martínez 0-0: Ground out 5-3 (Groundball, 56)
Batting: LHB Kel Smith 0-0: Ball
1-0: Foul Ball, location: 2F
1-1: Ball
2-1: Ball
3-1: Swinging Strike
3-2: Foul Ball, location: 2F
3-2: Strikes out swinging
Batting: RHB Mike Carter 0-0: Fly out, F3 (Popup, 34)
Bottom of the 8th over - 0 run(s), 0 hit(s), 0 error(s), 0 left on base; Alabama 1 - Southern California 4
TOP OF THE 9TH
Alabama Crimson Tide batting - Pitching for Southern California Trojans : RHP William Spencer
Pitching: LHP Mike O'Lornasay
Batting: LHB Steve Blankenship 0-0: SINGLE (Line Drive, 9LS)
Batting: SHB Dave Wilson 0-0: Called Strike
0-1: Foul Ball, location: 2F
0-2: Ball
1-2: Foul Ball, location: 2F
1-2: Ball
2-2: Strikes out looking
Batting: SHB John Fullerton 0-0: Ball
1-0: Grounds into double play, 5-4-3 (Groundball, 56)
Top of the 9th over - 0 run(s), 1 hit(s), 0 error(s), 0 left on base; Alabama 1 - Southern California 4
Tuesday, August 8th, 2017 - OOTP Baseball 17.12 Build 75